[ PARTIDA AOE2 · #489761705 ]
UnrankedJaponeses vs Lithuanians
Equipo del jugador · VICT
Equipo rival · DERR
[ ANÁLISIS DE REPETICIÓN · EXTRAÍDO DE LA PARTIDA GRABADA ]
Feudal
8:26
Castillos
19:11
Imperial
34:29
| APM promedio | 80.5 |
| APM pico | 131 |
| eAPM promedio | 50.6 |
| Aldeanos / militares | 387 / 712 |
Foco
⚔️ 64.2% · 🌾 35.8%
Scout Cavalry ×232 · Cavalry Archer ×190 · Skirmisher ×130 · Spearman ×120 · Trebuchet (Packed) ×27 · Monk ×4
Feudal
9:22
Castillos
20:26
Imperial
36:22
| APM promedio | 70.5 |
| APM pico | 119 |
| eAPM promedio | 47.1 |
| Aldeanos / militares | 356 / 1045 |
Foco
⚔️ 58.5% · 🌾 41.5%
Scout Cavalry ×526 · Skirmisher ×450 · Cavalry Archer ×37 · Bombard Cannon ×12 · Hand Cannoneer ×7 · Trebuchet (Packed) ×7
Mapa de la partida
Recursos iniciales + cada clic de construcción. Líneas = muros · curvas = relieve. ◆ oro · ⬟ piedra · ● bayas · ✦ reliquia · ◌ hueco del cierre
Tu base· ✓ Cerrada en 19:11 · 30t muro · sin puerta
Base de OS+ | chart· ✓ Cerrada en 20:26 · 37t muro · 1 puerta(s)
Terreno inicial suavizado · ◌ = hueco del cierre detectado · pasá el cursor para detalles
Inputs por minuto
— TAG_Sitaux - - OS+ | chart
Build order — TAG_Sitaux
Primeras 150 de 1502 acciones detectadas
| 0:01 | Crear | Villager (Male) |
| 0:01 | Crear | Villager (Male) |
| 0:02 | Crear | Villager (Male) |
| 0:02 | Construir | House |
| 0:04 | Construir | House |
| 0:08 | Crear | Villager (Male) |
| 1:24 | Crear | Villager (Male) |
| 1:24 | Crear | Villager (Male) |
| 1:40 | Crear | Villager (Male) |
| 1:41 | Crear | Villager (Male) |
| 1:57 | Construir | Lumber Camp |
| 2:16 | Crear | Villager (Male) |
| 2:17 | Crear | Villager (Male) |
| 2:37 | Crear | Villager (Male) |
| 3:06 | Crear | Villager (Male) |
| 3:06 | Crear | Villager (Male) |
| 3:25 | Construir | House |
| 3:28 | Crear | Villager (Male) |
| 3:28 | Crear | Villager (Male) |
| 3:51 | Crear | Villager (Male) |
| 3:51 | Crear | Villager (Male) |
| 4:27 | Crear | Villager (Male) |
| 4:51 | Construir | Barracks |
| 4:54 | Crear | Villager (Male) |
| 5:17 | Construir | House |
| 5:21 | Crear | Villager (Male) |
| 5:24 | Investigar | Loom |
| 6:14 | Investigar | Feudal Age |
| 6:14 | Investigar | Feudal Age |
| 6:27 | Construir | Mill |
| 6:33 | Crear | Militia |
| 6:33 | Crear | Militia |
| 6:53 | Crear | Militia |
| 6:53 | Crear | Militia |
| 7:35 | Crear | Villager (Male) |
| 7:44 | Construir | Farm |
| 7:45 | Construir | Farm |
| 8:26 | Edad | Edad Feudal |
| 8:29 | Crear | Villager (Male) |
| 8:33 | Investigar | Double-Bit Axe |
| 8:35 | Investigar | Horse Collar |
| 8:53 | Construir | Farm |
| 8:58 | Crear | Villager (Male) |
| 9:05 | Construir | House |
| 9:06 | Construir | House |
| 9:26 | Crear | Villager (Male) |
| 9:38 | Construir | House |
| 9:41 | Construir | Farm |
| 9:43 | Construir | Farm |
| 9:45 | Construir | Farm |
| 10:08 | Crear | Villager (Male) |
| 10:10 | Construir | Farm |
| 10:15 | Construir | Farm |
| 10:31 | Crear | Villager (Male) |
| 10:36 | Construir | Farm |
| 10:53 | Crear | Villager (Male) |
| 11:04 | Construir | House |
| 11:19 | Crear | Villager (Male) |
| 11:21 | Construir | Stable |
| 11:30 | Construir | Farm |
| 11:45 | Crear | Villager (Male) |
| 11:48 | Construir | House |
| 11:50 | Construir | Palisade Wall |
| 11:54 | Construir | Farm |
| 12:00 | Construir | Palisade Wall |
| 12:10 | Crear | Villager (Male) |
| 12:16 | Construir | Mining Camp |
| 12:17 | Crear | Scout Cavalry |
| 12:24 | Construir | Farm |
| 12:28 | Crear | Villager (Male) |
| 12:29 | Crear | Scout Cavalry |
| 12:44 | Construir | House |
| 12:44 | Construir | Palisade Wall |
| 12:53 | Construir | Palisade Wall |
| 12:55 | Construir | Palisade Wall |
| 12:58 | Crear | Villager (Male) |
| 13:01 | Crear | Scout Cavalry |
| 13:27 | Construir | Farm |
| 13:28 | Construir | Palisade Wall |
| 13:30 | Crear | Villager (Male) |
| 13:52 | Crear | Villager (Male) |
| 13:54 | Construir | Farm |
| 14:03 | Crear | Scout Cavalry |
| 14:13 | Crear | Villager (Male) |
| 14:33 | Crear | Villager (Male) |
| 14:36 | Construir | Blacksmith |
| 15:00 | Crear | Villager (Male) |
| 15:20 | Construir | Lumber Camp |
| 15:30 | Crear | Villager (Male) |
| 15:36 | Construir | Lumber Camp |
| 15:49 | Construir | House |
| 15:57 | Crear | Villager (Male) |
| 16:30 | Construir | Stable |
| 16:31 | Investigar | Castle Age |
| 16:31 | Investigar | Castle Age |
| 16:38 | Construir | House |
| 16:58 | Crear | Scout Cavalry |
| 16:59 | Crear | Scout Cavalry |
| 17:22 | Crear | Scout Cavalry |
| 17:24 | Construir | Farm |
| 17:26 | Construir | Farm |
| 17:27 | Construir | Farm |
| 17:28 | Construir | Farm |
| 17:31 | Construir | Farm |
| 17:32 | Crear | Scout Cavalry |
| 17:34 | Construir | Farm |
| 17:36 | Crear | Scout Cavalry |
| 17:44 | Construir | House |
| 17:53 | Investigar | Bloodlines |
| 18:17 | Construir | Farm |
| 18:21 | Construir | Farm |
| 18:26 | Crear | Scout Cavalry |
| 19:11 | Edad | Edad de los Castillos |
| 19:17 | Crear | Villager (Male) |
| 19:18 | Investigar | Light Cavalry (upgrade) |
| 19:18 | Investigar | Light Cavalry (upgrade) |
| 19:22 | Construir | Town Center |
| 19:35 | Crear | Knight |
| 19:41 | Crear | Villager (Male) |
| 19:44 | Investigar | Bow Saw |
| 20:00 | Crear | Scout Cavalry |
| 20:03 | Crear | Villager (Male) |
| 20:13 | Construir | Farm |
| 20:23 | Crear | Villager (Male) |
| 20:33 | Crear | Villager (Male) |
| 20:39 | Crear | Scout Cavalry |
| 20:40 | Crear | Scout Cavalry |
| 20:45 | Construir | House |
| 20:45 | Construir | House |
| 20:47 | Crear | Villager (Male) |
| 20:53 | Crear | Villager (Male) |
| 20:57 | Crear | Villager (Male) |
| 20:57 | Crear | Villager (Male) |
| 21:08 | Crear | Villager (Male) |
| 21:14 | Crear | Villager (Male) |
| 21:14 | Crear | Villager (Male) |
| 21:17 | Construir | Archery Range |
| 21:24 | Crear | Villager (Male) |
| 21:36 | Crear | Villager (Male) |
| 21:38 | Crear | Villager (Male) |
| 21:40 | Construir | Archery Range |
| 21:47 | Investigar | Scale Barding Armor |
| 21:48 | Investigar | Scale Barding Armor |
| 22:02 | Crear | Villager (Male) |
| 22:05 | Construir | Farm |
| 22:07 | Crear | Villager (Male) |
| 22:25 | Crear | Scout Cavalry |
| 22:25 | Crear | Scout Cavalry |
| 22:29 | Crear | Villager (Male) |
| 22:29 | Crear | Villager (Male) |
Build order — OS+ | chart
Primeras 150 de 1820 acciones detectadas
| 0:00 | Crear | Villager (Male) |
| 0:01 | Crear | Villager (Male) |
| 0:01 | Construir | House |
| 0:02 | Construir | House |
| 0:04 | Crear | Villager (Male) |
| 0:04 | Crear | Villager (Male) |
| 0:08 | Crear | Villager (Male) |
| 0:08 | Crear | Villager (Male) |
| 1:28 | Crear | Villager (Male) |
| 1:53 | Construir | Lumber Camp |
| 2:21 | Crear | Villager (Male) |
| 2:21 | Crear | Villager (Male) |
| 2:21 | Crear | Villager (Male) |
| 2:40 | Crear | Villager (Male) |
| 2:40 | Crear | Villager (Male) |
| 3:00 | Crear | Villager (Male) |
| 3:00 | Crear | Villager (Male) |
| 3:30 | Crear | Villager (Male) |
| 3:30 | Crear | Villager (Male) |
| 3:56 | Construir | House |
| 3:59 | Crear | Villager (Male) |
| 3:59 | Crear | Villager (Male) |
| 4:22 | Crear | Villager (Male) |
| 4:22 | Crear | Villager (Male) |
| 4:32 | Construir | Barracks |
| 4:38 | Construir | Palisade Wall |
| 4:39 | Construir | Palisade Wall |
| 5:04 | Construir | House |
| 5:17 | Construir | Palisade Wall |
| 5:19 | Crear | Villager (Male) |
| 5:40 | Construir | Mill |
| 5:54 | Construir | Palisade Wall |
| 5:55 | Crear | Villager (Male) |
| 6:07 | Crear | Villager (Male) |
| 6:08 | Investigar | Loom |
| 6:13 | Construir | Palisade Wall |
| 6:43 | Construir | Palisade Wall |
| 6:44 | Construir | Palisade Wall |
| 6:52 | Construir | Palisade Wall |
| 7:05 | Construir | Palisade Wall |
| 7:06 | Construir | Palisade Wall |
| 7:13 | Investigar | Feudal Age |
| 7:13 | Investigar | Feudal Age |
| 7:30 | Construir | Palisade Wall |
| 8:03 | Construir | Barracks |
| 8:17 | Crear | Villager (Male) |
| 8:25 | Construir | House |
| 8:27 | Construir | House |
| 8:43 | Crear | Villager (Male) |
| 9:00 | Crear | Villager (Male) |
| 9:16 | Construir | Palisade Wall |
| 9:22 | Edad | Edad Feudal |
| 9:31 | Crear | Spearman |
| 9:38 | Crear | Villager (Male) |
| 9:45 | Construir | Archery Range |
| 9:54 | Investigar | Double-Bit Axe |
| 9:58 | Investigar | Horse Collar |
| 10:09 | Crear | Villager (Male) |
| 10:22 | Construir | Mill |
| 10:29 | Crear | Villager (Male) |
| 10:37 | Construir | Farm |
| 10:44 | Crear | Villager (Male) |
| 10:56 | Crear | Villager (Male) |
| 11:02 | Crear | Skirmisher |
| 11:07 | Construir | Farm |
| 11:22 | Construir | House |
| 11:28 | Construir | Farm |
| 11:36 | Construir | House |
| 11:36 | Construir | House |
| 11:37 | Crear | Villager (Male) |
| 11:55 | Crear | Villager (Male) |
| 11:59 | Crear | Skirmisher |
| 12:03 | Construir | Farm |
| 12:05 | Construir | Farm |
| 12:05 | Crear | Villager (Male) |
| 12:17 | Crear | Skirmisher |
| 12:21 | Construir | House |
| 12:25 | Crear | Spearman |
| 12:27 | Construir | Palisade Wall |
| 12:28 | Construir | Palisade Wall |
| 12:34 | Construir | Palisade Gate |
| 12:36 | Construir | House |
| 12:38 | Construir | Palisade Wall |
| 12:40 | Construir | Palisade Wall |
| 12:52 | Crear | Villager (Male) |
| 12:54 | Crear | Skirmisher |
| 13:00 | Construir | Farm |
| 13:11 | Crear | Skirmisher |
| 13:22 | Construir | Palisade Wall |
| 13:28 | Crear | Spearman |
| 13:31 | Construir | Farm |
| 13:36 | Crear | Villager (Male) |
| 13:41 | Construir | Farm |
| 13:43 | Construir | Farm |
| 13:44 | Crear | Villager (Male) |
| 13:44 | Crear | Villager (Male) |
| 14:06 | Crear | Villager (Male) |
| 14:09 | Construir | House |
| 14:17 | Crear | Villager (Male) |
| 14:19 | Construir | Farm |
| 14:26 | Construir | Farm |
| 14:29 | Crear | Villager (Male) |
| 14:40 | Crear | Villager (Male) |
| 14:45 | Construir | Mining Camp |
| 14:54 | Construir | Farm |
| 15:26 | Crear | Villager (Male) |
| 15:41 | Construir | Farm |
| 15:45 | Construir | Farm |
| 15:47 | Crear | Villager (Male) |
| 16:09 | Construir | Blacksmith |
| 16:11 | Crear | Villager (Male) |
| 16:33 | Crear | Villager (Male) |
| 16:54 | Crear | Villager (Male) |
| 16:59 | Construir | Farm |
| 17:20 | Crear | Villager (Male) |
| 17:42 | Investigar | Castle Age |
| 17:58 | Crear | Spearman |
| 18:37 | Construir | House |
| 18:37 | Construir | House |
| 19:19 | Crear | Skirmisher |
| 19:21 | Construir | Palisade Wall |
| 19:23 | Construir | Palisade Wall |
| 19:24 | Construir | Palisade Wall |
| 19:25 | Crear | Villager (Male) |
| 19:41 | Investigar | Fletching |
| 19:43 | Crear | Villager (Male) |
| 20:04 | Construir | House |
| 20:06 | Crear | Villager (Male) |
| 20:23 | Crear | Villager (Male) |
| 20:26 | Edad | Edad de los Castillos |
| 20:30 | Investigar | Bodkin Arrow |
| 20:34 | Construir | House |
| 20:37 | Construir | House |
| 20:39 | Construir | Town Center |
| 20:39 | Crear | Villager (Male) |
| 20:41 | Construir | Archery Range |
| 20:44 | Crear | Cavalry Archer |
| 20:59 | Crear | Cavalry Archer |
| 21:06 | Construir | House |
| 21:08 | Construir | Palisade Wall |
| 21:10 | Construir | House |
| 21:10 | Crear | Villager (Male) |
| 21:19 | Investigar | Bow Saw |
| 21:20 | Crear | Villager (Male) |
| 21:32 | Crear | Cavalry Archer |
| 21:35 | Crear | Cavalry Archer |
| 21:40 | Construir | Town Center |
| 21:43 | Crear | Villager (Male) |
| 21:49 | Construir | Palisade Wall |
| 21:53 | Crear | Cavalry Archer |
Cronología de la partida
| 4:32 | OS+ | chart · first_building Barracks |
| 4:38 | OS+ | chart · wall_segment Palisade Wall x1 |
| 4:39 | OS+ | chart · wall_segment Palisade Wall x1 |
| 4:51 | TAG_Sitaux · first_building Barracks |
| 5:17 | OS+ | chart · wall_segment Palisade Wall x1 |
| 5:54 | OS+ | chart · wall_segment Palisade Wall x5 |
| 6:13 | OS+ | chart · wall_segment Palisade Wall x1 |
| 6:43 | OS+ | chart · wall_segment Palisade Wall x6 |
| 6:44 | OS+ | chart · wall_segment Palisade Wall x3 |
| 6:52 | OS+ | chart · wall_segment Palisade Wall x8 |
| 7:05 | OS+ | chart · wall_segment Palisade Wall x1 |
| 7:06 | OS+ | chart · wall_segment Palisade Wall x1 |
| 7:30 | OS+ | chart · wall_segment Palisade Wall x1 |
| 8:26 | TAG_Sitaux · age_up feudal |
| 9:16 | OS+ | chart · wall_segment Palisade Wall x1 |
| 9:22 | OS+ | chart · age_up feudal |
| 9:45 | OS+ | chart · first_building Archery Range |
| 11:21 | TAG_Sitaux · first_building Stable |
| 11:50 | TAG_Sitaux · wall_segment Palisade Wall x1 |
| 12:00 | TAG_Sitaux · wall_segment Palisade Wall x6 |
| 12:27 | OS+ | chart · wall_segment Palisade Wall x1 |
| 12:28 | OS+ | chart · wall_segment Palisade Wall x1 |
| 12:38 | OS+ | chart · wall_segment Palisade Wall x2 |
| 12:40 | OS+ | chart · wall_segment Palisade Wall x1 |
| 12:44 | TAG_Sitaux · wall_segment Palisade Wall x1 |
| 12:53 | TAG_Sitaux · wall_segment Palisade Wall x1 |
| 12:55 | TAG_Sitaux · wall_segment Palisade Wall x21 |
| 13:22 | OS+ | chart · wall_segment Palisade Wall x1 |
| 13:28 | TAG_Sitaux · wall_segment Palisade Wall x1 |
| 19:11 | TAG_Sitaux · age_up castle |
| 19:21 | OS+ | chart · wall_segment Palisade Wall x1 |
| 19:23 | OS+ | chart · wall_segment Palisade Wall x1 |
| 19:24 | OS+ | chart · wall_segment Palisade Wall x1 |
| 20:26 | OS+ | chart · age_up castle |
| 21:08 | OS+ | chart · wall_segment Palisade Wall x1 |
| 21:17 | TAG_Sitaux · first_building Archery Range |
| 21:49 | OS+ | chart · wall_segment Palisade Wall x1 |
| 24:21 | OS+ | chart · first_building Stable |
| 27:10 | TAG_Sitaux · first_building Siege Workshop |
| 28:39 | TAG_Sitaux · first_building Monastery |
| 30:48 | OS+ | chart · first_market_buy 100 stone |
| 31:19 | TAG_Sitaux · first_market_sell 100 wood |
| 32:04 | OS+ | chart · first_market_sell 100 food |
| 32:37 | OS+ | chart · first_building Monastery |
| 32:51 | TAG_Sitaux · wall_segment Palisade Wall x8 |
| 33:44 | OS+ | chart · first_building Castle |
| 34:18 | TAG_Sitaux · first_market_buy 100 stone |
| 34:29 | TAG_Sitaux · age_up imperial |
| 34:29 | TAG_Sitaux · first_building Castle |
| 36:22 | OS+ | chart · age_up imperial |
| 36:45 | OS+ | chart · first_building Siege Workshop |
| 44:52 | TAG_Sitaux · wall_segment Palisade Wall x1 |
| 62:52 | TAG_Sitaux · wall_segment Stone Wall x1 |
| 62:53 | TAG_Sitaux · wall_segment Stone Wall x7 |
| 78:40 | OS+ | chart · resign |
[ ANÁLISIS IA · 1 CRÉDITO ]
¿Qué pasó realmente en esta partida?
Wolo.gg analiza cada decisión: build order, eco, micro, errores típicos por bracket. Análisis personalizado por WhatsApp o Discord en 30 segundos.
Guía civ
Japoneses
Perfil
Sitaux (TAG_Sitaux)